Match 45129048
Unlisted

Match 45129048
End
Selects Special Operations Battlegroup
Selects Special Operations Battlegroup
Construct Barracks
1⁄4-ton 4x4 Truck
Riflemen Squad
Riflemen Squad
Riflemen Squad
Mechanized Support Center
Construct Motor Pool
M1 Mortar Team
M8 Greyhound Armored Car
M1918 Browning Automatic Rifles
M8 Greyhound Armored Car
Selects Raiding Flares
BossGeneral
Neo
mg42 spam
Gordon Ramsme
0
0

Comments sign in to comment!

No comments posted yet!